 Dungeon Crawl Stone Soup version 0.32-a0-779-g362cfcae2a (webtiles) character file.

Game seed: 5517885221789105535

65906 cforsyth the Arsonist (level 14, -3/128 (130) HPs)
             Began as a Mountain Dwarf Cinder Acolyte on Mar 19, 2024.
             Was a High Priest of Ignis.
             Slain by a profane servitor
             ... wielding a +1 whip of electrocution
              (11 damage)
             ... on level 3 of the Abyss.
             The game lasted 00:55:15 (34100 turns).

cforsyth the Arsonist (MDCA)                       Turns: 34100, Time: 00:55:16

HP:   -3/128 (130)  AC: 28    Str: 27    XL:     14   Next: 77%
MP:   19/26         EV:  8    Int: 16    God:    Ignis [*****.]
Gold: 653           SH:  6    Dex: 10    Spells: 28/30 levels left

rFire   + . .        r - +2 hand axe (freeze)
rCold   . . .        Z - +2 buckler
rNeg    . . .        Q - +5 chain mail "Mint" {Dex+5}
rPois   .            s - +2 helmet {SInv}
rElec   .            z - +1 cloak
rCorr   +            e - +1 pair of gloves
SInv    +            p - +0 pair of boots
Will    +....        U - amulet of magic regeneration Stlth
                     R - ring of resist corrosion
HPRegen 0.00/turn    S - +6 ring of strength
MPRegen 0.60/turn

%: no passive effects
@: about to teleport, sick, wreathed by umbra, lightly drained
A: runic magic, artefact enchanting
a: Renounce Religion, Fiery Armour, Foxfire Swarm, Rising Flame


You were on level 3 of the Abyss.
You worshipped Ignis.
Ignis was extremely pleased with you.
You visited 2 branches of the dungeon, and saw 17 of its levels.
You visited the Abyss 1 time.
You also visited: Ossuary.

You collected 1023 gold pieces.
You spent 370 gold pieces at shops.


Innate Abilities, Weirdness & Mutations

Your spellcasting is much less encumbered by armour.
You can use scrolls of enchantment on lesser artefacts.


   Skills:
 + Level 13.7 Fighting
 + Level 14.8 Axes
 + Level 13.2 Armour
 - Level 5.0 Shields
 - Level 8.7 Spellcasting
 + Level 14.8 Fire Magic


You had 28 spell levels left.
You knew the following spells:

 Your Spells              Type           Power      Damage    Failure   Level
X - Scorch                Fire           100%       2d9       1%          2

Your spell library contained the following spells:

 Spells                   Type           Power      Damage    Failure   Level
 Summon Blazeheart Golem  Fire/Summ      30%        N/A       8%          4
 Sting                    Conj/Alch      28%        1d4       16%         1
 Summon Small Mammal      Summ           28%        N/A       16%         1
 Cigotuvi's Dreadful Rot  Necr/Alch/Air  14%        N/A       24%         2
 Mercury Vapours          Alch/Air       14%        N/A       24%         2
 Call Canine Familiar     Summ           7%         N/A       43%         3
 Dazzling Flash           Conj/Hex       14%        N/A       43%         3
 Gell's Gravitas          Tloc           7%         N/A       43%         3
 Mephitic Cloud           Conj/Alch/Air  7%         N/A       43%         3
 Sigil of Binding         Hex            7%         N/A       43%         3
 Teleport Other           Tloc           7%         N/A       43%         3
 Dimensional Bullseye     Hex/Tloc       3%         N/A       85%         4
 Dispel Undead            Necr           7%         3d8       85%         4
 Martyr's Knell           Necr/Summ      7%         N/A       85%         4
 Olgreb's Toxic Radiance  Alch           7%         N/A       85%         4
 Curse of Agony           Necr           7%         N/A       99%         5
 Silence                  Hex/Air        3%         N/A       99%         5
 Summon Forest            Summ/Tloc      3%         N/A       99%         5
 Summon Mana Viper        Hex/Summ       7%         N/A       99%         5
 Death Channel            Necr           3%         N/A       100%        6
 Dispersal                Tloc           3%         N/A       100%        6
 Sculpt Simulacrum        Ice/Alch       3%         N/A       100%        6
 Summon Cactus Giant      Summ           3%         N/A       100%        6
 Chain Lightning          Conj/Air       3%         3d4       100%        9
 Fire Storm               Conj/Fire      15%        8d4       100%        9
 Shatter                  Erth           3%         3d7*      100%        9

Inventory:

Hand Weapons
 a - a +0 hand axe of flaming
 r - a +2 hand axe of freezing (weapon)
 Y - a +0 war axe
Armour
 e - a +1 pair of gloves (worn)
 p - a +0 pair of boots (worn)
 s - a +2 helmet of see invisible (worn)
 z - a +1 cloak (worn)
 G - the +5 ring mail "Hywa" {Rampage MP+9 Int+3}
   (You found it on level 10 of the Dungeon)

   Int+3:     It affects your intelligence (+3).
   MP+9:      It affects your magic capacity (+9).
   Rampage:   It bestows one free step when moving towards enemies.
 Q - the +5 chain mail "Mint" (worn) {Dex+5}
   (You found it on level 1 of the Lair of Beasts)

   Dex+5:     It affects your dexterity (+5).
 Z - a +2 buckler (worn)
Jewellery
 c - a ring of ice
 n - a ring of positive energy
 F - a ring of fire
 N - a ring of positive energy
 P - a ring of poison resistance
 R - a ring of resist corrosion (left hand)
 S - a +6 ring of strength (right hand)
 U - an amulet of magic regeneration (around neck)
 W - a ring of willpower
Wands
 b - a wand of digging (11)
 w - a wand of mindburst (13)
 A - a wand of paralysis (14)
 E - a wand of polymorph (7)
 H - a wand of iceblast (13)
 T - a wand of flame (15)
Scrolls
 i - 4 scrolls of enchant weapon
 k - 5 scrolls of fear
 l - a scroll of vulnerability
 q - 4 scrolls of teleportation {@r2}
 u - a scroll of immolation {unknown}
 B - 3 scrolls of enchant armour
 C - 2 scrolls of amnesia
 D - a scroll of torment {unknown}
 J - a scroll of poison {unknown}
 L - a scroll of revelation
 O - a scroll of brand weapon {unknown}
 V - a scroll of silence {unknown}
 X - a scroll of blinking {unknown}
Potions
 d - 4 potions of magic
 f - 2 potions of enlightenment {unknown}
 g - 4 potions of heal wounds {@q2}
 h - 3 potions of might
 j - 2 potions of cancellation
 m - 3 potions of curing {@q1}
 o - 2 potions of mutation
 t - 6 potions of attraction
 v - 5 potions of lignification
 x - 12 potions of ambrosia
 K - 5 potions of brilliance
 M - 3 potions of haste {@q3}
Miscellaneous
 I - a phial of floods

Dungeon Overview and Level Annotations

Branches:
Dungeon (12/15)            Temple (0/1) D:6            Lair (5/5) D:11
 Shoals (0/4) Lair:2        Snake (0/4) Lair:2        Slime (0/5) Lair:5
    Orc (0/2) D:9         Ossuary (visited)

Altars:
Cheibriados
Dithmenos
Gozag
Hepliaklqana
Nemelex Xobeh
Okawaru
Qazlal
Ru
Trog
Uskayaw
Yredelemnul
The Shining One
Jiyva

Shops:
D:1 [   D:2 =   D:3 (   D:7 **   D:8 (   D:10 *[(

Portals:
Abyss: D:7

Annotations:
Lair:2 2 transporters, AutarchDCSS's ghost, journeyman NaSh
Lair:3 2 transporters, zenocrate's ghost, journeyman OpEE

.####.###.### .. .... # .
#.....#.....####..##.. #
...........x...▒..# .# . .
. .. ...........# #.## .
...▒.▒........#..... ..
... ...▒.....w.....# ###
### . #
..............##..## #
.............h.###..#####
.............hhA@........#
....#........###h...▒... #
........## #........ #
####.#### #........ ...
#......... .. #.........
#......... #.....▒▒.


You could see a profane servitor, 4 raiju and a brain worm.


Message History

The raiju bursts into living lightning!
The living lightning hits you.
* * * LOW HITPOINT WARNING * * *
The living lightning hits the raiju.
The raiju completely resists.
The raiju blinks! x2
Unknown command.
Unknown command.
The raiju bites you but does no damage.
The profane servitor hits you but does no damage.
You are electrocuted!!
* * * LOW HITPOINT WARNING * * *
The profane servitor hits you but does no damage.
The raiju bites you but does no damage.
Unknown command.
Unknown command.
Unknown command.
The raiju completely misses you.
Unknown command.
Unknown command.
The profane servitor attacks as it pursues you!
The profane servitor hits you with a +1 whip of electrocution.
* * * LOW HITPOINT WARNING * * *
The profane servitor draws strength from your injuries!
The profane servitor hits you with a +1 whip of electrocution.
* * * LOW HITPOINT WARNING * * *
You feel drained.
* * * LOW HITPOINT WARNING * * *
You are electrocuted!
You die...
Ignis goes out, and joins you in death.

Skill      XL: |  1  2  3  4  5  6  7  8  9 10 11 12 13 14 |
---------------+-------------------------------------------+-----
Armour         | 1 2 3 4 5 6 8 9 10 12 13 | 13.2
Axes           | 4 5 6 7 8 9 11 12 13 14 | 14.8
Fire Magic     | 4 5 6 7 8 9 11 12 13 14 | 14.8
Fighting       | 4 5 6 7 9 10 11 12 13 | 13.7
Spellcasting   | 2 3 4 5 6 7 8 |  8.7
Shields        | 4 5 |  5.0

Action                     |  1- 3 |  4- 6 |  7- 9 | 10-12 | 13-15 || total
---------------------------+-------+-------+-------+-------+-------++-------
  Melee: Hand axe          |   137 |    92 |   141 |   225 |   280 ||   875
   Cast: Scorch            |    23 |    28 |   191 |   556 |   628 ||  1426
  Evoke: Wand              |       |       |       |    18 |     7 ||    25
    Use: Potion            |     2 |     1 |       |     5 |       ||     8
         Scroll            |       |     7 |     2 |     6 |     6 ||    21
 Armour: Robe              |   121 |    70 |   120 |       |       ||   311
         Chain mail        |       |       |    32 |    98 |   834 ||   964
         Scale mail        |       |       |    45 |   141 |       ||   186
         Ring mail         |       |       |       |   316 |       ||   316
  Dodge: Dodged            |    88 |    40 |   135 |   267 |   304 ||   834
  Block: Buckler           |       |       |       |       |   201 ||   201

Levels and vault maps discovered:
D:1:      dpeg_arrival_central, layout_basic, serial_shops, shop_statue
D:2:      layout_basic, serial_shops, shop_coins, uniq_sigmund
D:3:      layout_rooms, mainiacjoe_overflow_surrounded_room, serial_shops,
          nicolae_shop_bloodbath_and_beyond, mrwooster_statue_mirror
D:4:      layout_loops_ring, mainiacjoe_overflow_chevrons, tso_oasis_becter,
          nicolae_ossuary_entry_catacombs, uniq_eustachio, uniq_pikel
D:5:      layout_gridville, mainiacjoe_overflow_tiny_flanked, minmay_checkerbox,
          uniq_grinder, uniq_ijyb
D:6:      layout_cave_pods, mainiacjoe_overflow_boulevard,
          minmay_temple_entry_steel_oval
D:7:      layout_loops_ring, gammafunk_ghost_abyssal_escape,
          nicolae_specific_store, minivault_26, uniq_jeremiah, uniq_joseph
D:8:      layout_cave_pods, lemuel_mausoleum_altar_yredelemnul,
          nicolae_overflow_macrodata_refinement, serial_shops, shop, uniq_erica,
          uniq_maurice, uniq_amaemon
D:9:      layout_roguey, slow_altar_1, minmay_orc_entry_guard_dogs
D:10:     layout_cave_pools, mainiacjoe_overflow_alcove_1,
          nicolae_shop_distant_corner_stores
D:11:     layout_small_grid, grunt_lair_entry_orc_guard_hut, uniq_josephine
D:12:     layout_basic, nrook_loot_triangle, elves_outpost_lemuel
Lair:1:   layout_roguey, special_room [special_room_bee], basic_altar,
          dreamdust_mushroom_princess, grunt_megastairs_1,
          infiniplex_staircase_pool_2
Lair:2:   layout_layer_cave, elwin_shoals_entry_rooms,
          alex1729_snake_entry_snake, gammafunk_ghost_arena, uniq_harold,
          uniq_gastronok
Lair:3:   layout_regular_city, gammafunk_ghost_wrathful_warriors
Lair:4:   layout_roguey
Lair:5:   hangedman_lair_tendril_chambers, layout_gridlike, slime_entry_1,
          chequers_serial_rivers_marsh, st_stairs_7
Abyss:3:  base: D:2, base: D:3, nicolae_abyss_rune_star_stuff, minivault_4,
          hangedman_abyss_shoalhut

Notes
Turn   | Place    | Note
-------+----------+-------------------------------------------
     0 | D:1      | cforsyth the Mountain Dwarf Cinder Acolyte began the quest
                  | for the Orb.
     0 | D:1      | Reached XP level 1. HP: 19/19 MP: 2/2
   273 | D:1      | Reached XP level 2. HP: 26/26 MP: 3/3
   482 | D:1      | Found Henaz's Armour Shoppe.
   592 | D:1      | Reached skill level 1 in Armour
   638 | D:1      | Reached skill level 4 in Axes
   756 | D:1      | Reached XP level 3. HP: 30/31 MP: 3/5
  1027 | D:2      | Found Lugumoad's Jewellery Boutique.
  1122 | D:2      | Reached skill level 4 in Fire Magic
  1350 | D:2      | Noticed Sigmund
  1395 | D:2      | HP: 1/31 [something (13)]
  1520 | D:1      | Learned a level 2 spell: Scorch
  2125 | D:2      | HP: 3/33 [something (4)]
  2680 | D:3      | Reached XP level 4. HP: 40/40 MP: 1/6
  2753 | D:3      | Found Inozinol's Weapon Shoppe.
  2955 | D:3      | Found a stormy altar of Qazlal.
  3131 | D:4      | Reached skill level 4 in Fighting
  3131 | D:4      | Reached skill level 2 in Armour
  3131 | D:4      | Reached XP level 5. HP: 40/46 MP: 1/7
  3168 | D:4      | Reached skill level 2 in Spellcasting
  3268 | D:4      | Reached XP level 6. HP: 23/53 MP: 6/9
  3277 | D:4      | Found a sand-covered staircase.
  3287 | D:4      | Reached skill level 5 in Axes
  3287 | D:4      | Reached skill level 3 in Armour
  3287 | D:4      | Reached skill level 5 in Fire Magic
  3357 | Ossuary  | Entered an ossuary
  3540 | Ossuary  | Reached XP level 7. HP: 11/60 MP: 11/11
  3744 | Ossuary  | Reached skill level 5 in Fighting
  4053 | Ossuary  | Reached skill level 3 in Spellcasting
  4692 | Ossuary  | Reached skill level 4 in Armour
  5245 | D:3      | Reached skill level 6 in Axes
  5389 | D:4      | Reached skill level 6 in Fire Magic
  5500 | D:4      | Noticed Pikel
  5711 | D:2      | Killed Sigmund
  5712 | D:2      | Reached XP level 8. HP: 64/70 MP: 2/13
  6344 | D:4      | Noticed Eustachio
  6369 | D:4      | Found an opulent altar of Gozag.
  7000 | D:3      | Killed Pikel
  7001 | D:3      | Reached skill level 6 in Fighting
  7001 | D:3      | Reached skill level 7 in Axes
  7001 | D:3      | Reached skill level 5 in Armour
  7001 | D:3      | Reached skill level 4 in Spellcasting
  7001 | D:3      | Reached skill level 7 in Fire Magic
  7219 | D:3      | Killed Eustachio
  7411 | D:4      | Found a glowing golden altar of the Shining One.
  7455 | D:5      | Entered Level 5 of the Dungeon
  7530 | D:5      | Noticed Grinder
  7530 | D:5      | Paralysed by Grinder for 2 turns
  7548 | D:5      | Killed Grinder
  7549 | D:5      | Reached XP level 9. HP: 74/78 MP: 1/15
  7654 | D:5      | Found a sparkling altar of Nemelex Xobeh.
  7837 | D:5      | Reached skill level 6 in Armour
  7838 | D:5      | Reached skill level 7 in Fighting
  8026 | D:5      | Noticed Ijyb
  8037 | D:5      | Killed Ijyb
  8542 | D:5      | Identified the +1 scale mail of Hangman {Harm Regen+ Str+4}
  8789 | D:6      | Found a sacrificial altar of Ru.
  8998 | D:6      | Found a staircase to the Ecumenical Temple.
  9527 | D:7      | Paralysed by a hornet for 3 turns
  9532 | D:7      | Reached skill level 8 in Axes
  9532 | D:7      | Reached skill level 8 in Fire Magic
  9612 | D:7      | Reached skill level 5 in Spellcasting
  9778 | D:7      | Noticed Joseph
  9986 | D:7      | Killed Joseph
 10143 | D:6      | Paralysed by a hornet for 2 turns
 10383 | D:7      | Reached XP level 10. HP: 83/88 MP: 11/18
 10510 | D:7      | Reached skill level 7 in Armour
 10532 | D:7      | Identified a +1 robe of resistance
 10532 | D:7      | Noticed Jeremiah
 10809 | D:8      | Noticed Erica
 10811 | D:8      | Noticed Maurice
 11210 | D:7      | Found a one-way gate to the infinite horrors of the Abyss.
 11210 | D:7      | Noticed RandomusNamus's ghost (novice TrCA)
 11396 | D:7      | Found a transporter.
 11402 | D:7      | Noticed a toenail golem
 11495 | D:7      | Found a transporter.
 11636 | D:7      | Found Vanigood's Specific Store.
 11676 | D:7      | Found Orchev's General Store.
 11744 | D:7      | Bought a +2 helmet of see invisible for 258 gold pieces
 11778 | D:8      | Maurice stole a ring of ice
 11780 | D:7      | Maurice stole a +0 hand axe of flaming
 11781 | D:7      | Killed Maurice
 11782 | D:7      | Reached skill level 8 in Fighting
 11875 | D:6      | Killed Erica
 11876 | D:6      | Reached skill level 9 in Axes
 11876 | D:6      | Reached skill level 9 in Fire Magic
 11877 | D:6      | HP: 8/88 [poisoned by Erica (bolt of poison)]
 12104 | D:7      | Killed Jeremiah
 12420 | D:8      | Reached skill level 6 in Spellcasting
 12757 | D:8      | You fall into a shaft and drop 3 floors!
 12784 | D:11     | Noticed a smoke demon
 12965 | D:11     | Reached skill level 8 in Armour
 13176 | D:11     | Noticed a two-headed ogre
 13183 | D:11     | Killed a two-headed ogre
 13196 | D:11     | Reached skill level 9 in Fighting
 13250 | D:11     | Reached XP level 11. HP: 87/97 MP: 6/20
 13440 | D:11     | Found a staircase to the Lair.
 13461 | D:11     | Reached skill level 10 in Axes
 13626 | D:11     | Reached skill level 10 in Fire Magic
 14722 | D:11     | Noticed Josephine
 14724 | D:10     | Entered Level 10 of the Dungeon
 15144 | D:10     | Identified the +5 ring mail "Hywa" {Rampage MP+9 Int+3}
 15370 | D:10     | Found Huuduung's Antique Armour Shop.
 15373 | D:10     | Found Mashroite's Antique Weapon Shop.
 15373 | D:10     | Found Qicos's General Store.
 15541 | D:9      | Found a staircase to the Orcish Mines.
 15812 | D:9      | Found a snail-covered altar of Cheibriados.
 16049 | D:9      | Reached skill level 9 in Armour
 16473 | D:9      | Reached skill level 7 in Spellcasting
 16968 | D:8      | Found a basalt altar of Yredelemnul.
 17381 | D:8      | Found Mounaejumy's Weapon Shoppe.
 17385 | D:8      | Noticed Amaemon
 17533 | D:8      | Killed Amaemon
 17783 | D:8      | Found a hazy altar of Hepliaklqana.
 17792 | D:8      | Found a bloodstained altar of Trog.
 17797 | D:8      | Found a hide-covered altar of Uskayaw.
 17800 | D:8      | Found an iron altar of Okawaru.
 18101 | D:10     | Found a shadowy altar of Dithmenos.
 18330 | D:10     | Bought a scroll of teleportation for 48 gold pieces
 18330 | D:10     | Bought a scroll of fear for 64 gold pieces
 18534 | D:11     | Reached skill level 10 in Fighting
 19020 | D:12     | Noticed a deep elf pyromancer
 19024 | D:12     | Killed a deep elf pyromancer
 19025 | D:12     | Reached skill level 11 in Axes
 19047 | D:12     | Reached skill level 11 in Fire Magic
 19198 | D:12     | Noticed a skeletal warrior
 19296 | Lair:1   | Entered Level 1 of the Lair of Beasts
 19573 | Lair:1   | Reached XP level 12. HP: 61/106 MP: 9/23
 20184 | Lair:1   | Reached skill level 10 in Armour
 20969 | Lair:1   | Reached skill level 8 in Spellcasting
 21156 | Lair:1   | Found a sacrificial altar of Ru.
 21366 | Lair:1   | Identified the +5 chain mail "Mint" {Dex+5}
 21556 | Lair:2   | Reached skill level 11 in Fighting
 21556 | Lair:2   | Reached skill level 12 in Axes
 21664 | Lair:1   | Reached skill level 12 in Fire Magic
 22237 | Lair:2   | Noticed Harold
 22248 | Lair:2   | Killed Harold
 22321 | Lair:2   | HP: 9/110 [constriction (6)]
 22698 | Lair:2   | Found a staircase to the Shoals.
 22739 | Lair:2   | Noticed Gastronok
 22794 | Lair:2   | Killed Gastronok
 22795 | Lair:2   | Reached XP level 13. HP: 116/116 MP: 4/25
 23027 | Lair:2   | Found a staircase to the Snake Pit.
 23253 | Lair:2   | Noticed AutarchDCSS's ghost (journeyman NaSh)
 23260 | Lair:2   | Found a transporter.
 23300 | Lair:2   | Found a transporter.
 23791 | Lair:3   | Reached skill level 11 in Armour
 24684 | Lair:3   | Reached skill level 1 in Shields
 24809 | Lair:3   | Found a transporter.
 24814 | Lair:3   | Noticed zenocrate's ghost (journeyman OpEE)
 24819 | Lair:3   | Found a bloodstained altar of Trog.
 24869 | Lair:3   | Found a transporter.
 25434 | Lair:4   | Reached skill level 2 in Shields
 25441 | Lair:4   | Reached skill level 13 in Axes
 25764 | Lair:4   | Reached skill level 12 in Fighting
 25764 | Lair:4   | Reached skill level 13 in Fire Magic
 26218 | Lair:4   | Reached skill level 3 in Shields
 26508 | Lair:5   | Entered Level 5 of the Lair of Beasts
 27089 | Lair:5   | Found a staircase to the Slime Pits.
 27090 | Lair:5   | Found a viscous altar of Jiyva.
 27169 | Lair:5   | Reached skill level 4 in Shields
 27392 | Lair:4   | Reached skill level 12 in Armour
 27963 | Lair:5   | Reached XP level 14. HP: 71/127 MP: 16/26
 28457 | Lair:5   | Reached skill level 5 in Shields
 28934 | Lair:5   | Reached skill level 14 in Axes
 28949 | Lair:5   | Reached skill level 14 in Fire Magic
 29190 | Lair:5   | Reached skill level 13 in Fighting
 30537 | D:7      | Killed RandomusNamus's ghost
 30841 | D:8      | Found a hide-covered altar of Uskayaw.
 30845 | D:8      | Found a bloodstained altar of Trog.
 30846 | D:8      | Found a hazy altar of Hepliaklqana.
 30847 | D:8      | Found an iron altar of Okawaru.
 31132 | D:8      | Found Mounaejumy's Weapon Shoppe.
 31395 | D:8      | Found a basalt altar of Yredelemnul.
 31813 | D:11     | Killed Josephine
 31954 | D:11     | Found a staircase to the Lair.
 32595 | D:11     | Reached skill level 13 in Armour
 34000 | D:12     | You are cast into the Abyss!
 34000 | Abyss:3  | Cast into level 3 of the Abyss (skeletal warrior)
 34091 | Abyss:3  | Noticed a profane servitor
 34100 | Abyss:3  | HP: 10/130 [profane servitor/+1 whip of electrocution (5)]
 34100 | Abyss:3  | Slain by a profane servitor

Vanquished Creatures
  Gastronok (Lair:2)
  Josephine (D:11)
  Harold (Lair:2)
  4 hydras
  Erica (D:6)
  2 two-headed ogres
  3 death yaks (Lair:5)
  The ghost of RandomusNamus the Grappler, a novice TrCA of Ignis (D:7)
  Amaemon (D:8)
  A fire crab (Lair:5)
  2 skysharks
  A skeletal warrior (D:12)
  A lindwurm (Lair:3)
  Pikel (D:3)
  4 deep elf zephyrmancers
  7 deep elf pyromancers
  2 cyclopes
  A salamander (Lair:2)
  A toenail golem (D:7)
  A guardian serpent (Lair:5)
  Maurice (D:7)
  A merfolk siren (Lair:2)
  13 black mambas
  13 cane toads
  6 elephants
  Joseph (D:7)
  An orange demon (D:8)
  A torpor snail (Lair:2)
  Jeremiah (D:7)
  7 rime drakes
  2 unseen horrors
  A kobold demonologist (D:11)
  11 komodo dragons
  A queen bee (Lair:1)
  2 trolls
  2 polar bears
  Grinder (D:5)
  A merfolk (Lair:2)
  6 hornets
  6 blink frogs
  10 dream sheep
  Sigmund (D:2)
  11 slime creatures
  A shadow (D:10)
  5 wraiths (D:11)
  48 yaks
  A vampire (D:12)
  Eustachio (D:3)
  A basilisk (Lair:2)
  15 wyverns
  A warg (D:9)
  2 steam dragons
  A redback (Lair:5)
  3 nagas (Lair:2)
  2 acid dragons
  29 water moccasins
  A sky beast (D:6)
  2 black bears (D:11)
  An ice beast (D:5)
  3 orc warriors
  An ogre (D:5)
  9 wolves
  5 centaurs
  A lemure (D:3)
  16 bullfrogs
  4 weeping skulls (D:8)
  2 kobold brigands
  An elf zombie (D:4)
  8 scorpions
  2 gnoll sergeants
  3 elf skeletons (D:4)
  A wyvern zombie (D:8)
  2 small abominations (D:7)
  6 water moccasin zombies (Ossuary)
  9 wights (D:8)
  A burial acolyte (Ossuary)
  25 killer bees (Lair:1)
  An electric eel (Lair:2)
  3 howler monkeys
  A human zombie (D:8)
  3 jellies
  A bombardier beetle (D:9)
  A centaur zombie (D:8)
  2 hounds
  14 orc priests
  A gnoll bouda (D:3)
  2 human skeletons (D:4)
  Ijyb (D:5)
  4 iguanas
  10 orc wizards
  2 crocodile zombies (Ossuary)
  3 mummies
  A howler monkey zombie (D:8)
  13 gnolls
  6 adders
  A shadow imp (D:5)
  A white imp (D:6)
  4 ufetubi
  4 adder zombies (Ossuary)
  2 dart slugs
  A ribbon worm (D:2)
  43 orcs
  4 ball pythons
  6 endoplasms
  7 giant cockroaches
  8 gnoll zombies (Ossuary)
  3 goblins
  6 hobgoblins
  7 jackals
  4 quokkas
  6 bats
  3 frilled lizards
  5 jackal zombies (Ossuary)
  19 kobolds
  3 orc skeletons (D:4)
  6 orc zombies
  8 rats
570 creatures vanquished.

Table legend: (Time is in decaauts)
 A = Elapsed time spent in this place.
 B = Non-inter-level travel time spent in this place.
 C = Inter-level travel time spent in this place.
 D = Time resting spent in this place.
 E = Time spent auto-exploring this place.
 F = Levels seen in this place.
 G = Mean time per level.
                   A        B        C        D        E       F      G
               +--------+--------+--------+--------+--------+-----+--------+
         Total |  34139 |  32756 |   1383 |   8480 |  18184 |  19 | 1796.8 |
       Dungeon |  21957 |  20894 |   1063 |   5070 |  12168 |  12 | 1829.8 |
          Lair |  10534 |  10214 |    320 |   2763 |   5565 |   5 | 2106.8 |
         Abyss |     98 |     98 |      0 |      0 |     49 |   1 |   98.0 |
       Ossuary |   1548 |   1548 |      0 |    647 |    402 |   1 | 1548.0 |
               +--------+--------+--------+--------+--------+-----+--------+

Top non-repeatable levels by time:
    D:11: 4541 daAuts
  Lair:5: 2909 daAuts
     D:8: 2742 daAuts
  Lair:2: 2627 daAuts
     D:7: 2335 daAuts
  Lair:1: 1990 daAuts
     D:3: 1670 daAuts
     D:6: 1619 daAuts
     D:1: 1604 daAuts
 Ossuary: 1548 daAuts
     D:9: 1543 daAuts
  Lair:4: 1542 daAuts
  Lair:3: 1464 daAuts
     D:4: 1428 daAuts
     D:2: 1333 daAuts

Table legend:
 A = Non-vault XP
 B = Vault XP
 C = Vault XP percentage of total XP
 D = Non-vault monster count
 E = Vault monster count
 F = Vault count percentage of total count
                 A         B        C        D         E       F
            +---------+---------+-------+---------+---------+-------
      Total |   58563 |   35589 |  37.8 |     394 |     175 |  30.8
            +---------+---------+-------+---------+---------+-------
        D:1 |      42 |       0 |   0.0 |      25 |       0 |   0.0
        D:2 |      53 |     239 |  81.8 |      23 |       1 |   4.2
        D:3 |     137 |     866 |  86.3 |      24 |       2 |   7.7
        D:4 |     280 |     404 |  59.1 |      19 |      11 |  36.7
        D:5 |     528 |     590 |  52.8 |      18 |       6 |  25.0
        D:6 |     635 |     847 |  57.2 |       9 |       1 |  10.0
        D:7 |    1474 |    2883 |  66.2 |      37 |       8 |  17.8
        D:8 |    2071 |    2026 |  49.5 |      27 |      14 |  34.1
        D:9 |    1201 |     346 |  22.4 |      12 |       3 |  20.0
       D:10 |     900 |       0 |   0.0 |      13 |       0 |   0.0
       D:11 |    6285 |    8304 |  56.9 |      31 |      21 |  40.4
       D:12 |    4416 |     615 |  12.2 |      11 |       1 |   8.3
     Lair:1 |    6906 |    2730 |  28.3 |      28 |      28 |  50.0
     Lair:2 |    6207 |    4230 |  40.5 |      27 |       8 |  22.9
     Lair:3 |    6030 |       0 |   0.0 |      24 |       0 |   0.0
     Lair:4 |    9528 |    2165 |  18.5 |      35 |       7 |  16.7
     Lair:5 |   11870 |    8679 |  42.2 |      31 |      32 |  50.8
    Ossuary |       0 |     665 | 100.0 |       0 |      32 | 100.0
            +---------+---------+-------+---------+---------+-------
